 Dungeon Crawl Stone Soup version 0.24.0-123-gd5b16e6ec5 (webtiles) character file.

Game seed: 187684828436023832, levelgen mode: deterministic

1339 Hasart the Digger (level 8, -3/52 HPs)
             Began as a Vampire Earth Elementalist on Jan 14, 2020.
             Was a Believer of Sif Muna.
             Slain by Duvessa
             ... wielding a +2 rapier of venom
              (18 damage)
             ... on level 5 of the Dungeon.
             The game lasted 00:14:01 (5181 turns).

Hasart the Digger (Vampire Earth Elementalist)      Turns: 5181, Time: 00:14:01

Health: -3/52      AC:  2    Str:  7    XL:     8   Next: 35%
Magic:  2/15       EV: 15    Int: 19    God:    Sif Muna [**....]
Gold:   320        SH:  0    Dex: 15    Spells: 7/16 levels left

rFire    . . .     SeeInvis +   B - +1 hand axe (vamp)
rCold    . . .     Gourm    .   (no shield)
rNeg     . . .     Faith    .   c - +0 robe
rPois    .         Spirit   .   (no helmet)
rElec    .         Reflect  .   (no cloak)
rCorr    .         Harm     .   (no gloves)
MR       +....                  (no boots)
Stlth    ++........             (no amulet)
HPRegen  0.37/turn              r - ring of protection from magic
MPRegen  0.14/turn              (no ring)

@: lethally poisoned (-3 -> -22), very slightly contaminated, regenerating
quickly
A: no food, fangs 3, see invisible, unbreathing
a: Exsanguinate, Channel Magic, Renounce Religion


You were on level 5 of the Dungeon.
You worshipped Sif Muna.
Sif Muna was pleased with you.
You were alive.

You visited 1 branch of the dungeon, and saw 5 of its levels.

You collected 320 gold pieces.

Inventory:

Hand Weapons
 B - a +1 vampiric hand axe (weapon)
Missiles
 b - 131 stones (quivered)
Armour
 c - a +0 robe (worn)
Jewellery
 r - a ring of protection from magic (left hand)
Wands
 v - a wand of iceblast (11)
 z - a wand of acid (11)
Scrolls
 a - 7 scrolls of identify {unknown}
 e - 5 scrolls of teleportation {unknown}
 h - 8 scrolls of remove curse {unknown}
 i - 2 scrolls of fog {unknown}
 l - 3 scrolls of fear {unknown}
 m - 2 scrolls of amnesia {unknown}
 o - 3 scrolls of magic mapping {unknown}
 s - 3 scrolls of noise {unknown}
 t - 2 scrolls of enchant weapon {unknown}
 w - 2 scrolls of immolation {unknown}
 A - a scroll of blinking {unknown}
Potions
 d - 4 potions of flight {unknown}
 f - a potion of brilliance {unknown}
 g - a potion of might {unknown}
 j - 3 potions of heal wounds {unknown}
 k - 2 potions of curing {unknown}
 n - a potion of ambrosia {unknown}
 p - a potion of agility {unknown}
 q - a potion of lignification {unknown}
 u - 2 potions of degeneration {unknown}
 x - a potion of magic {unknown}


   Skills:
 - Level 5.0 Dodging
 - Level 3.1 Stealth
 + Level 4.6 Spellcasting
 + Level 2.9 Conjurations
   Level 1.1 Transmutations
 * Level 7.4 Earth Magic


You had 7 spell levels left.
You knew the following spells:

 Your Spells              Type           Power        Failure   Level  Hunger
a - Sandblast             Erth           ####..       1%          1    N/A
b - Stone Arrow           Conj/Erth      ###...       4%          3    N/A
c - Lee's Rapid Deconstr  Erth           ####......   17%         5    N/A

Your spell library contained the following spells:

 Spells                   Type           Power        Failure   Level  Hunger
 Passwall                 Tmut/Erth      ###.....     3%          2    N/A
 Animate Skeleton         Necr           N/A          13%         1    N/A
 Apportation              Tloc           #.....       13%         1    N/A
 Confusing Touch          Hex            #.....       13%         1    N/A
 Corona                   Hex            #......      13%         1    N/A
 Summon Small Mammal      Summ           #...         13%         1    N/A
 Ensorcelled Hibernation  Hex/Ice        #.....       19%         2    N/A
 Dazzling Spray           Conj/Hex       ##....       22%         3    N/A
 Petrify                  Tmut/Erth      ###.....     22%         4    N/A
 Confuse                  Hex            #.......     36%         3    N/A
 Tukima's Dance           Hex            #.......     36%         3    N/A

Dungeon Overview and Level Annotations

Branches:
Dungeon (5/15)
 Temple: D:4-7

Altars:
Cheibriados
Dithmenos
Gozag
Kikubaaqudgha
Ru
Sif Muna
Uskayaw
Wu Jian
The Shining One

Annotations:
D:5 Duvessa


Innate Abilities, Weirdness & Mutations

You do not eat.
Your natural rate of healing is unusually fast.
You have razor-sharp teeth.
You have supernaturally acute eyesight. (SInv)
You can survive without breathing.


Message History

Unknown command.
Unknown command.
Casting: Sandblast (safe; 1% risk of failure)
Confirm with . or Enter, or press ? or * to list all spells.
Aiming: Sandblast (safe; 1% risk of failure)
Press: ? - help, Shift-Dir - straight line, f/p - Duvessa
Aim: Duvessa, wielding a +2 rapier of venom and wearing a +0 leather armour (heavily wounded, berserk, fast, unusually strong)
Okay, then.
Casting: Sandblast (safe; 1% risk of failure)
Confirm with . or Enter, or press ? or * to list all spells.
Aiming: Lee's Rapid Deconstruction (quite dangerous; 17% risk of failure)
Press: ? - help, Dir - move target cursor, p - Duvessa A rock wall.
You miscast Lee's Rapid Deconstruction.
You are very lightly contaminated with residual magic.
The floor vibrates.
* * * LOW HITPOINT WARNING * * *
You feel very sick.
Duvessa hits you with a +2 rapier of venom!!
You die...

#. #### .### ###..##
....##.....## .$##..##...#
..#....##..## 8.
#.#..._.#...# #.
#e#...%##...###### 8(
#@##..##........## ##
##>.##......####... ###
###..#####....#####.#
#.###..)## #..#...##....#
#.....### #..#...#..####
###.########......#.##
####..##..............#
#......#.......#.....##
#...........#..#.#.#..#####


You could see Duvessa (berserk).

Vanquished Creatures
  An ice beast (D:5)
  An orc warrior (D:5)
  A sky beast (D:5)
  4 ogres (D:4)
  Dowan (D:5)
  A crimson imp (D:5)
  A bullfrog zombie (D:5)
  2 orc priests (D:3)
  A jelly (D:5)
  3 orc wizards
  Ijyb (D:5)
  3 centaur skeletons
  2 worker ants
  A hound zombie (D:5)
  Robin (D:2)
  A worker ant zombie (D:5)
  10 adders
  3 gnolls (D:5)
  An ooze (D:2)
  2 worms
  4 dart slugs
  4 leopard geckos
  8 orcs
  6 giant cockroaches
  19 goblins
  15 hobgoblins
  3 jackals (D:3)
  3 kobolds
  5 ball pythons
  10 bats
  3 frilled lizards (D:1)
  A jackal skeleton (D:5)
  A quokka skeleton (D:5)
  7 rats
130 creatures vanquished.

Vanquished Creatures (others)
  A quokka zombie (D:5)
1 creature vanquished.

Grand Total: 131 creatures vanquished

Notes
Turn   | Place    | Note
-------+----------+-------------------------------------------
     0 | D:1      | Hasart the Vampire Earth Elementalist began the quest for
                  | the Orb.
     0 | D:1      | Reached XP level 1. HP: 13/13 MP: 3/3
   532 | D:1      | Reached XP level 2. HP: 18/19 MP: 5/5
   958 | D:2      | Found a shimmering blue altar of Sif Muna.
   976 | D:2      | Reached XP level 3. HP: 17/24 MP: 6/6
   999 | D:2      | Became a worshipper of Sif Muna the Loreminder
  1251 | D:2      | Reached skill level 4 in Earth Magic
  1453 | D:2      | Noticed Robin
  1507 | D:2      | Learned a level 3 spell: Stone Arrow
  1530 | D:2      | Killed Robin
  1530 | D:2      | Reached XP level 4. HP: 25/30 MP: 0/7
  1810 | D:2      | Reached * piety under Sif Muna
  2226 | D:3      | Found an ornate altar of the Wu Jian Council.
  2339 | D:3      | Reached XP level 5. HP: 15/35 MP: 6/9
  2371 | D:3      | Learned a level 5 spell: Lee's Rapid Deconstruction
  2839 | D:3      | Reached skill level 1 in Conjurations
  2839 | D:3      | Reached skill level 5 in Earth Magic
  2947 | D:3      | Reached ** piety under Sif Muna
  3241 | D:3      | Found an ancient bone altar of Kikubaaqudgha.
  3287 | D:3      | Found a snail-covered altar of Cheibriados.
  3463 | D:4      | Noticed an ogre
  3471 | D:4      | Noticed an ogre
  3474 | D:4      | Killed an ogre
  3474 | D:4      | Reached XP level 6. HP: 41/41 MP: 7/10
  3693 | D:4      | Found a glowing golden altar of the Shining One.
  3827 | D:4      | Reached XP level 7. HP: 38/46 MP: 6/12
  3966 | D:4      | Reached skill level 6 in Earth Magic
  4154 | D:5      | Entered Level 5 of the Dungeon
  4167 | D:5      | Found a hide-covered altar of Uskayaw.
  4171 | D:5      | Noticed Ijyb
  4186 | D:5      | Killed Ijyb
  4548 | D:5      | Reached skill level 5 in Dodging
  4577 | D:5      | Reached XP level 8. HP: 52/52 MP: 9/14
  4584 | D:5      | Reached skill level 7 in Earth Magic
  4688 | D:5      | Found an opulent altar of Gozag.
  4965 | D:5      | Found a sacrificial altar of Ru.
  4982 | D:5      | Found a shadowy altar of Dithmenos.
  5172 | D:5      | Noticed Dowan
  5173 | D:5      | Noticed Duvessa
  5177 | D:5      | Killed Dowan
  5181 | D:5      | Slain by Duvessa

Levels and vault maps discovered:
D:1:      dpeg_arrival_rhombi, layout_basic
D:2:      layout_loops_corners, lemuel_round_altar, first_ration,
          kennysheep_generic_room_5, uniq_robin
D:3:      kennysheep_the_goblin_king, layout_loops_ring, lemuel_doored_altar,
          lemuel_coloured_pillars_altar, marbit_many_paths, minmay_box_of_dots
D:4:      layout_rooms, tso_oasis_becter
D:5:      layout_rooms, nicolae_overflow_hidden_temple,
          nicolae_gozag_cash_rules_everything_around_me,
          nicolae_dithmenos_through_a_glass_darkly,
          eat_drink_and_be_merry_uskayaw, nicolae_ru_the_path_less_chosen,
          uniq_duvessa, uniq_ijyb

Skill      XL: |  1  2  3  4  5  6  7  8 |
---------------+-------------------------+-----
Earth Magic    | 4 5 6 7 |  7.4
Dodging        | 3 4 5 |  5.0
Spellcasting   | 3 4 |  4.6
Conjurations   | 1 2 |  2.9
Stealth        | |  3.1
Transmutations | |  1.1

Action                   |  1- 3 |  4- 6 |  7- 9 || total
-------------------------+-------+-------+-------++-------
Melee: Unarmed           |    12 |       |       ||    12
       Hand axe          |   107 |   188 |    27 ||   322
       Bite              |    13 |    16 |     8 ||    37
       Club              |       |       |    28 ||    28
 Cast: Sandblast         |    14 |    45 |    62 ||   121
       Stone Arrow       |     1 |     4 |     3 ||     8
       Lee's Rapid Decon |       |       |     1 ||     1
 Stab: Sleeping          |     5 |     6 |     1 ||    12
Armor: Robe              |    41 |    36 |     8 ||    85
Dodge: Dodged            |   117 |   202 |    80 ||   399
